 Dungeon Crawl Stone Soup version 0.20.0-14-g326068f (webtiles) character file.

5302 Chiseanne the Nimble (level 10, -5/66 HPs)
             Began as a Halfling Monk on June 9, 2017.
             Was a Believer of Makhleb.
             Slain by a porcupine (6 damage)
             ... on level 9 of the Dungeon.
             The game lasted 00:19:50 (8922 turns).

Chiseanne the Nimble (Halfling Monk)                Turns: 8922, Time: 00:19:50

Health: -5/66      AC: 12    Str: 13    XL:     10   Next: 95%
Magic:  0/13       EV:  3    Int: 10    God:    Makhleb [**....]
Gold:   290        SH:  0    Dex: 18    Spells: 9/9 levels left

rFire    + + .     SeeInvis .   a - +5 hand axe (freeze)
rCold    . . .     Gourm    .   f - +0 shield
rNeg     + + +     Faith    .   J - +0 scale mail (curse)
rPois    ∞         Spirit   +   C - +1 helmet
rElec    .         Reflect  .   j - +0 cloak
rCorr    .         Harm     .   H - +0 pair of gloves
MR       .....                  (no boots)
Stlth    +.........             r - amulet of guardian spirit
Regen    0.3/turn               t - ring of poison resistance
MPRegen  0.2/turn               A - ring of Fido {rF++ MR- Str-2 Int+2 Slay+6}

@: about to teleport, petrified
A: mutation resistance 1
a: Minor Destruction, Renounce Religion


You were on level 9 of the Dungeon.
You worshipped Makhleb.
Makhleb was pleased with you.
You were hungry.

You visited 2 branches of the dungeon, and saw 10 of its levels.

You collected 290 gold pieces.

Inventory:

Hand Weapons
 a - a +5 hand axe of freezing (weapon)
 d - a +1 flail of protection
 s - a +1 short sword of electrocution
 u - a +0 hand axe of electrocution
Missiles
 e - 102 bolts
 g - 24 poisoned needles
 h - 179 stones
 q - 3 needles of paralysis
 y - 16 sling bullets
 B - 9 tomahawks (quivered)
 P - a throwing net
Armour
 f - a +0 shield (worn)
 j - a +0 cloak (worn)
 C - a +1 helmet (worn)
 H - a +0 pair of gloves (worn)
 J - a cursed +0 scale mail (worn)
Jewellery
 r - an amulet of guardian spirit (around neck)
 t - a ring of poison resistance (left hand)
 A - the ring of Fido (right hand) {rF++ MR- Str-2 Int+2 Slay+6}
   (You found it on level 5 of the Dungeon)

   [ring of strength]

   It affects your strength (-2).
   It affects your intelligence (+2).
   It affects your accuracy and damage with ranged weapons and melee attacks
   (+6).
   It greatly protects you from fire.
   It affects your resistance to hostile enchantments.
 L - a +4 ring of evasion {unknown}
Wands
 N - a wand of confusion (16/48)
Scrolls
 k - 2 scrolls of immolation
 l - a scroll of remove curse
 m - 5 scrolls of enchant armour
 v - a scroll of recharging
 E - a scroll of fog
Potions
 b - 4 potions of flight
 i - 4 potions of might
 p - a potion of cancellation {unknown}
 w - a potion of lignification {unknown}
 x - a potion of mutation
 D - a potion of resistance
 F - 3 potions of curing {unknown}
 G - a potion of berserk rage
 I - 2 potions of brilliance
 K - a potion of heal wounds {unknown}
Books
 O - a book of Minor Magic

   Spells                             Type                      Level
   a - Magic Dart                     Conjuration                  1
   b - Blink                          Translocation                2
   c - Call Imp                       Summoning                    2
   d - Slow                           Hexes                        2
   e - Conjure Flame                  Conjuration/Fire             3
   f - Mephitic Cloud                 Conjuration/Poison/Air       3
Comestibles
 c - 9 bread rations
 n - 3 meat rations
 o - a chunk of flesh
 z - 2 royal jellies


   Skills:
 - Level 5.3 Fighting
   Level 3.0 Long Blades
 * Level 5.7 Axes
 * Level 7.3 Armour
 * Level 9.1 Dodging
 - Level 2.1 Stealth
 * Level 8.0 Shields
 * Level 4.4 Invocations


You had 9 spell levels left.
You didn't know any spells.

Dungeon Overview and Level Annotations

Branches:
Dungeon (9/15)             Temple (1/1) D:7            Lair (0/6) D:9
    Orc: D:9-12

Altars:
Ashenzari
Cheibriados
Dithmenos
Elyvilon
Fedhas
Gozag
Hepliaklqana
Kikubaaqudgha
Makhleb
Nemelex Xobeh
Okawaru
Qazlal
Ru
Sif Muna
Trog
Uskayaw
Vehumet
Xom
Yredelemnul
Zin
The Shining One
Beogh

Shops:
D:5 *

Annotations:
D:5 2 transporters
D:7 1 transporter


Innate Abilities, Weirdness & Mutations

You are small and have problems with some larger weapons.
You are somewhat resistant to further mutation.


Message History

The porcupine bites you!
* * * LOW HITPOINT WARNING * * *
The yak snorts and paws the ground.
The yak gores you!
* * * LOW HITPOINT WARNING * * *
The scorpion stings you but does no damage.
The basilisk bites the plant!
The plant is destroyed!
The porcupine bites you!
* * * LOW HITPOINT WARNING * * *
The yak gores you.
* * * LOW HITPOINT WARNING * * *
The porcupine bites you but does no damage.
The yak gores the bush!
The ogre hits the plant with a giant club!
The phantom hits you but does no damage.
The yak gores you. The scorpion barely misses you. The porcupine bites you!
* * * LOW HITPOINT WARNING * * *
The porcupine bites you!
You die...

#.# ............. #.#
#............
####.#######....[.....P.
#................P.....P
##.#...................P
#..........#...PP.......
######..........P....P..
#........PWYY..P...
#........P@slP..P.P
#####....Yrr....>..
#....PO...P.P..
#....P....PP...
#....#......P..
......#.........
.........PP...P.
.............P..


You could see 3 yaks, a phantom, a basilisk, an ogre, a scorpion and 2
porcupines.

Vanquished Creatures
  2 two-headed ogres (D:8)
  The ghost of dscm the Sneak, a novice OpEE of Uskayaw (D:8)
  Prince Ribbit (D:6)
  A hippogriff (D:9)
  A spriggan (D:8)
  2 yaks (D:9)
  A hungry ghost (D:9)
  Menkaure (D:7)
  2 porcupines (D:9)
  An orc warrior (D:8)
  A sky beast (D:6)
  A black bear (D:8)
  A phantom (D:5)
  2 ogres
  2 centaurs
  A bullfrog (D:6)
  A gnoll sergeant (D:8)
  10 wights
  A bullfrog zombie (D:5)
  2 quasits
  6 orc priests
  3 hounds
  3 jellies
  Crazy Yiuf (D:7)
  A centaur skeleton (D:6)
  3 orc wizards
  An iguana (D:4)
  2 worker ants
  A killer bee zombie (D:6)
  4 hound zombies
  9 gnolls
  9 adders
  An adder zombie (D:5)
  2 dart slugs
  5 leopard geckos
  24 orcs
  3 ball pythons
  4 giant cockroaches
  9 hobgoblins
  3 kobolds
  3 quokkas
  3 bats
  2 frilled lizards
  2 gnoll zombies (D:4)
  6 goblins
  A quokka skeleton (D:6)
  4 rats
  A plant (D:9)
151 creatures vanquished.

Vanquished Creatures (others)
  2 plants (D:9)
2 creatures vanquished.

Grand Total: 153 creatures vanquished

Notes
Turn   | Place    | Note
-------+----------+-------------------------------------------
     0 | D:1      | Chiseanne the Halfling Monk began the quest for the Orb.
     0 | D:1      | Reached XP level 1. HP: 15/15 MP: 1/1
   155 | D:1      | Reached XP level 2. HP: 20/20 MP: 2/2
   948 | D:2      | Reached XP level 3. HP: 20/26 MP: 3/3
   953 | D:2      | Reached skill level 4 in Dodging
  1056 | D:2      | Reached skill level 1 in Shields
  1056 | D:2      | Reached XP level 4. HP: 16/31 MP: 4/4
  2045 | D:3      | Reached XP level 5. HP: 37/37 MP: 5/5
  2379 | D:3      | Found a sparkling altar of Nemelex Xobeh.
  2664 | D:4      | Reached XP level 6. HP: 15/43 MP: 6/6
  2977 | D:4      | Reached skill level 5 in Dodging
  3197 | D:4      | Found a sacrificial altar of Ru.
  3250 | D:4      | Found a basalt altar of Yredelemnul.
  3824 | D:5      | Entered Level 5 of the Dungeon
  3824 | D:5      | Found a snail-covered altar of Cheibriados.
  3881 | D:5      | Found a shattered altar of Ashenzari.
  3886 | D:5      | Reached skill level 1 in Armour
  3927 | D:5      | Noticed an ogre
  3933 | D:5      | Killed an ogre
  3933 | D:5      | Reached XP level 7. HP: 49/49 MP: 7/7
  3939 | D:5      | Found an ancient bone altar of Kikubaaqudgha.
  4033 | D:5      | Got a flickering golden ring
  4256 | D:5      | Identified the cursed ring of Fido {rF++ MR- Str-2 Int+2 Slay+6} (You found it on level 5 of the Dungeon)
  4401 | D:5      | Found a blossoming altar of Fedhas.
  4863 | D:5      | Reached skill level 6 in Dodging
  4863 | D:5      | Reached XP level 8. HP: 47/54 MP: 6/8
  4866 | D:5      | Reached skill level 5 in Fighting
  4959 | D:5      | Found a transporter.
  4982 | D:5      | Found a transporter.
  5086 | D:5      | Found Saniej's Assorted Antiques.
  5554 | D:6      | Reached skill level 1 in Axes
  5554 | D:6      | Reached skill level 5 in Shields
  6006 | D:6      | Reached XP level 9. HP: 61/61 MP: 9/9
  6025 | D:6      | Reached skill level 7 in Dodging
  6304 | D:6      | Found a hide-covered altar of Uskayaw.
  6329 | D:6      | Noticed Prince Ribbit
  6336 | D:6      | Killed Prince Ribbit
  6336 | D:6      | Reached skill level 5 in Armour
  6779 | D:7      | Found a transporter.
  6781 | D:7      | Found a roughly hewn altar of Beogh.
  6969 | D:7      | Noticed Menkaure
  6972 | D:7      | Killed Menkaure
  7320 | D:7      | Found a runed door.
  7584 | D:7      | Found a staircase to the Ecumenical Temple.
  7758 | Temple   | Entered the Ecumenical Temple
  7957 | Temple   | Became a worshipper of Makhleb the Destroyer
  7957 | Temple   | Reached * piety under Makhleb
  7957 | Temple   | Reached ** piety under Makhleb
  8118 | D:7      | Noticed Crazy Yiuf
  8123 | D:7      | Killed Crazy Yiuf
  8170 | D:8      | Found a snail-covered altar of Cheibriados.
  8214 | D:8      | Noticed dscm's ghost (novice OpEE)
  8231 | D:8      | Killed dscm's ghost
  8231 | D:8      | Reached skill level 8 in Dodging
  8231 | D:8      | Reached XP level 10. HP: 66/66 MP: 9/11
  8263 | D:8      | Found a bloodstained altar of Trog.
  8294 | D:8      | Noticed a two-headed ogre
  8312 | D:8      | Killed a two-headed ogre
  8312 | D:8      | Reached skill level 5 in Axes
  8507 | D:8      | Noticed a two-headed ogre
  8516 | D:8      | Killed a two-headed ogre
  8756 | D:8      | Found a radiant altar of Vehumet.
  8897 | D:9      | Reached skill level 9 in Dodging
  8905 | D:9      | Found a staircase to the Lair.
  8921 | D:9      | HP: 1/66 [porcupine (3)]
  8922 | D:9      | Slain by a porcupine

Skill      XL: |  1  2  3  4  5  6  7  8  9 10 |
---------------+-------------------------------+-----
Fighting       | 3 4 5 |  5.3
Dodging        | 4 5 6 8 9 |  9.1
Shields        | 1 2 3 4 5 6 8 |  8.0
Armour         | 1 2 4 6 7 |  7.3
Axes           | 2 4 5 |  5.7
Invocations    | 2 4 |  4.4
Long Blades    | |  3.0
Stealth        | |  2.1

Action                   |  1- 3 |  4- 6 |  7- 9 | 10-12 || total
-------------------------+-------+-------+-------+-------++-------
Melee: Falchion          |    11 |       |       |       ||    11
       Short sword       |    42 |   141 |    99 |       ||   282
       Hand axe          |       |       |   126 |    78 ||   204
Throw: Stone             |       |       |     5 |       ||     5
       Tomahawk          |       |       |     2 |     2 ||     4
Invok: Minor Destruction |       |       |       |     5 ||     5
  Use: Scroll            |     4 |    10 |     5 |     1 ||    20
       Potion            |       |     2 |     2 |     1 ||     5
 Stab: Sleeping          |     1 |     3 |       |       ||     4
       Distracted        |       |     1 |       |       ||     1
       Invisible         |       |       |     1 |       ||     1
  Eat: Chunk             |       |    10 |    12 |     2 ||    24
       Fruit             |       |       |     1 |     2 ||     3
Armor: Robe              |     7 |     6 |       |       ||    13
       Ring mail         |       |    14 |       |       ||    14
       Scale mail        |       |       |    75 |    28 ||   103
Dodge: Dodged            |    45 |    63 |    85 |    57 ||   250
Block: Shield            |     6 |    78 |   120 |    39 ||   243
       Rpst.: Falchion   |     3 |       |       |       ||     3
